Demolitions vs Mulligans
Created - February 21, 2021 at 19:10
Goals
|
| Demolitions |
2 |
0 |
1 |
3 |
| Mulligans |
1 |
0 |
3 |
4 |
|
Shots
|
| Demolitions |
12 |
18 |
17 |
47 |
| Mulligans |
10 |
22 |
6 |
38 |
|
1st period
1. Demolitions , Denis Gurianov 8 (Christoph Bertschy 12) at 0:47
2. Mulligans , Reid Boucher 7 (Darren Dietz 10) at 4:32
3. Demolitions , Dennis Everberg 15 (Phil McRae 45, Brandon Saad 36) at 6:32
Penalties :
Conor Garland (Rep) for Holding (Minor) at 16:48
2nd period
No Goal
Penalties :
Sven Baertschi (Rep) for Roughing (Minor) at 8:00, Logan Shaw (Rep) for Boarding (Minor) at 19:13
3rd period
4. Demolitions , Denis Gurianov 9 (Taylor Aronson 12, Andrej Nestrasil 29) at 0:40 (PP)
5. Mulligans , Logan Shaw 24 (Anton Lander 46, Ben Hutton 28) at 3:33 (PP)
6. Mulligans , Jonny Brodzinski 7 (Brett Seney 6, Darren Dietz 11) at 4:45
7. Mulligans , Robby Fabbri 12 (Ben Hutton 29, Reid Boucher 14) at 10:37
Penalties :
Juuso Riikola (Vic) for High sticking (Minor) at 3:23, Aaron Haydon (Vic) for Tripping (Minor) at 4:54, Sven Baertschi (Rep) for Tripping (Minor) at 14:36
Goalie Stats
Thatcher Demko (Vic), 34 saves from 38 shots - (0.895), L, 18-14-5, 59:10 minutes
Calvin Pickard (Rep), 44 saves from 47 shots - (0.936), W, 15-21-2, 60:00 minutes
Players Stats for Demolitions
Player Name G A P +/- PIM S H SB GA TA FO MP PP MP PK MP
------------------------------------------------------------------------------------
Aaron Haydon 0 0 0 0 2 1 1 1 0 2 0/0 21:55 0:00 0:10
Andrej Nestrasil 0 1 1 0 0 3 5 1 1 0 2/5 13:51 4:10 0:08
Brandon Saad 0 1 1 1 0 5 1 1 1 1 2/4 22:43 3:14 1:06
Christoph Bertschy 0 1 1 -1 0 2 0 0 1 0 4/7 14:02 0:14 0:20
Colton Gillies 0 0 0 -1 0 3 0 2 1 0 5/5 9:29 0:00 0:00
Denis Gurianov 2 0 2 0 0 3 0 0 0 1 0/1 13:43 4:10 0:00
Dennis Everberg 1 0 1 1 0 7 3 0 4 0 0/2 21:54 3:14 0:23
J.T. Brown 0 0 0 -1 0 1 1 0 1 0 1/1 16:50 2:56 0:23
Jeremy Roy 0 0 0 0 0 0 2 0 0 0 0/0 13:27 0:00 1:12
Joel Vermin 0 0 0 -1 0 3 0 1 0 0 1/1 9:29 0:00 0:00
Joshua Leivo 0 0 0 0 0 3 1 1 0 0 0/0 9:52 0:00 0:32
Juuso Riikola 0 0 0 1 2 0 0 1 0 1 0/0 24:30 4:28 1:02
Michael Ferland 0 0 0 -1 0 6 1 1 0 0 0/0 9:55 0:00 0:26
Michael Prapavessis 0 0 0 0 0 0 1 1 0 0 0/0 12:59 0:05 0:14
Phil McRae 0 1 1 1 0 2 1 2 0 0 19/36 21:31 3:14 0:00
Taylor Aronson 0 1 1 -2 0 5 1 1 0 0 0/0 24:32 4:23 0:43
Taylor Beck 0 0 0 -1 0 2 1 0 1 0 0/1 18:25 3:56 1:14
Tommy Vannelli 0 0 0 -1 0 1 0 0 0 0 0/0 18:42 2:56 0:43
Players Stats for Mulligans
Player Name G A P +/- PIM S H SB GA TA FO MP PP MP PK MP
------------------------------------------------------------------------------------
Anton Lander 0 1 1 0 0 6 1 0 0 0 22/40 22:34 1:12 4:17
Ben Hutton 0 2 2 0 0 2 2 3 0 0 0/0 27:59 1:27 4:45
Brandon Carlo 0 0 0 0 0 1 2 3 0 2 0/0 27:59 1:27 4:45
Brett Seney 0 1 1 1 0 1 0 0 0 0 0/0 8:31 0:00 0:03
Christian Wolanin 0 0 0 0 0 1 1 0 1 1 0/0 11:04 0:00 0:00
Conor Garland 0 0 0 1 2 2 0 0 0 1 0/1 8:47 0:03 0:00
Cristiano Digiacinto 0 0 0 0 0 0 0 0 0 0 0/0 1:00 0:03 0:00
Darren Dietz 0 2 2 1 0 2 2 0 1 1 0/0 20:57 0:42 2:39
Ilya Lyubushkin 0 0 0 1 0 3 0 0 0 1 0/0 20:57 0:42 2:39
Jonny Brodzinski 1 0 1 1 0 2 1 0 0 0 1/8 8:58 0:00 0:36
Joonas Donskoi 0 0 0 0 0 0 0 1 0 0 0/0 14:00 0:54 0:00
Logan Shaw 1 0 1 0 2 6 2 1 1 1 0/0 19:48 1:12 1:30
Maxime Macenauer 0 0 0 0 0 0 3 0 0 2 1/4 17:44 0:54 4:17
Reid Boucher 1 1 2 0 0 2 1 0 0 0 0/0 12:44 0:00 1:16
Robbie Russo 0 0 0 0 0 0 0 1 0 0 0/0 11:04 0:00 0:00
Robby Fabbri 1 0 1 0 0 3 2 0 1 1 4/5 11:50 0:03 0:00
Sam Bennett 0 0 0 0 0 1 4 1 0 0 1/3 14:01 0:54 0:00
Sven Baertschi 0 0 0 0 4 4 1 0 0 0 0/2 19:12 1:12 0:55
Valeri Nichushkin 0 0 0 0 0 2 2 1 1 0 0/0 13:22 0:00 1:54
3 Stars
1 - Denis Gurianov (Vic)
2 - Calvin Pickard (Rep)
3 - Reid Boucher (Rep)
Power Play
Demolitions - 1 on 5 Attempt(s) - 20.00%
Mulligans - 1 on 2 Attempt(s) - 50.00%
Penalty Kill
Demolitions - 1 on 2 Attempt(s) - 50.00%
- Score 0 goal in Penalty Kill
Mulligans - 4 on 5 Attempt(s) - 80.00%
- Score 0 goal in Penalty Kill
Team Stat
Demolitions - Hits : 19 - Faceoff Wins : 34 - Blocked Shots : 13 - Penalty Minutes : 4
Mulligans - Hits : 24 - Faceoff Wins : 29 - Blocked Shots : 11 - Penalty Minutes : 8
Official
Referees : Unknown
Linesman : Unknown
Game Notes
4:45 of 1st period - Penalty Shot by Brandon Carlo for Mulligans - Stopped by Thatcher Demko
Finance
Level 1 -- Attendance: 2000 (100.00%) -- Ticket Income $38,000
Level 2 -- Attendance: 1000 (100.00%) -- Ticket Income $9,000
Total Attendance: 3000 (100.00%)
Total Ticket Income: $47,000
Other Income: $2,350
Total Income: $49,350
Demolitions
5 vs 5 Forward
Center Left Wing Right Wing Time % Phy DF OF
1 Phil McRae Brandon Saad Dennis Everberg 40 1 2 2
2 Christoph Bertschy Taylor Beck J.T. Brown 30 1 2 2
3 Andrej Nestrasil Joshua Leivo Denis Gurianov 20 1 2 2
4 Colton Gillies Michael Ferland Joel Vermin 10 1 2 2
5 vs 5 Defense
Defense Defense Time % Phy DF OF
1 Aaron Haydon Juuso Riikola 40 1 2 2
2 Taylor Aronson Tommy Vannelli 30 1 2 2
3 Michael Prapavessis Jeremy Roy 20 1 2 2
4 Aaron Haydon Taylor Aronson 10 1 2 2
PowerPlay Forward
Center Left Wing Right Wing Time % Phy DF OF
1 Phil McRae Brandon Saad Dennis Everberg 60 1 2 2
2 Andrej Nestrasil Taylor Beck Denis Gurianov 40 1 2 2
PowerPlay Defense
Defense Defense Time % Phy DF OF
1 Taylor Aronson Juuso Riikola 60 1 2 2
2 J.T. Brown Tommy Vannelli 40 1 2 2
Penalty Kill 4 Players Forward
Center Wing Time % Phy DF OF
1 Brandon Saad Taylor Beck 60 1 2 2
2 Dennis Everberg J.T. Brown 40 1 2 2
Penalty Kill 4 Players Defense
Defense Defense Time % Phy DF OF
1 Aaron Haydon Juuso Riikola 60 1 2 2
2 Taylor Aronson Tommy Vannelli 40 1 2 2
Penalty Kill - 3 Players Forward
Forward Time % Phy DF OF
1 Brandon Saad 60 1 2 2
2 Taylor Beck 40 1 2 2
Penalty Kill - 3 Players Defense
Defense Defense Time % Phy DF OF
1 Aaron Haydon Juuso Riikola 60 1 2 2
2 Taylor Aronson Tommy Vannelli 40 1 2 2
4 vs 4 Forward
Center Wing Time % Phy DF OF
1 Brandon Saad Taylor Beck 60 1 2 2
2 Dennis Everberg J.T. Brown 40 1 2 2
4 vs 4 Defense
Defense Defense Time % Phy DF OF
1 Michael Prapavessis Juuso Riikola 60 1 2 2
2 Taylor Aronson Tommy Vannelli 40 1 2 2
Last Minutes Offensive
Center Left Wing Right Wing Defense Defense
Phil McRae Brandon Saad Dennis Everberg Taylor Aronson Juuso Riikola
Last Minutes Defensive
Center Left Wing Right Wing Defense Defense
Phil McRae Brandon Saad Dennis Everberg Taylor Aronson Juuso Riikola
Goaltenders
Starting : Thatcher Demko
Backup : Brandon Halverson
Extra Forwards
Normal : Brandon Saad, Christoph Bertschy, Joshua Leivo - PP : Brandon Saad, Christoph Bertschy - PK : Joshua Leivo
Extra Defensemen
Normal : Michael Prapavessis, Jeremy Roy, Aaron Haydon - PP : Michael Prapavessis - PK : Jeremy Roy, Aaron Haydon
Penalty Shots
Brandon Saad, Taylor Beck, Dennis Everberg, J.T. Brown, Phil McRae
Scratches
Alex Hutchings (Healthy), Thomas DiPauli (Healthy), Mitch Callahan (Healthy), Wiley Sherman (Left Hip Injury), Tyler Graovac (Healthy)
Taylor Leier (Healthy), Jared Staal (Healthy), Jaedon Descheneau (Healthy), Jake Paterson (Healthy)
Mulligans
5 vs 5 Forward
Center Left Wing Right Wing Time % Phy DF OF
1 Anton Lander Sven Baertschi Logan Shaw 40 1 2 2
2 Maxime Macenauer Sam Bennett Joonas Donskoi 30 1 2 2
3 Robby Fabbri Reid Boucher Valeri Nichushkin 20 1 2 2
4 Jonny Brodzinski Brett Seney Conor Garland 10 1 2 2
5 vs 5 Defense
Defense Defense Time % Phy DF OF
1 Ben Hutton Brandon Carlo 40 1 2 2
2 Darren Dietz Ilya Lyubushkin 30 1 2 2
3 Robbie Russo Christian Wolanin 20 1 2 2
4 Ben Hutton Brandon Carlo 10 1 2 2
PowerPlay Forward
Center Left Wing Right Wing Time % Phy DF OF
1 Anton Lander Sven Baertschi Logan Shaw 60 1 2 2
2 Maxime Macenauer Sam Bennett Joonas Donskoi 40 1 2 2
PowerPlay Defense
Defense Defense Time % Phy DF OF
1 Ben Hutton Brandon Carlo 60 1 2 2
2 Darren Dietz Ilya Lyubushkin 40 1 2 2
Penalty Kill 4 Players Forward
Center Wing Time % Phy DF OF
1 Anton Lander Maxime Macenauer 60 1 2 2
2 Logan Shaw Sven Baertschi 40 1 2 2
Penalty Kill 4 Players Defense
Defense Defense Time % Phy DF OF
1 Ben Hutton Brandon Carlo 60 1 2 2
2 Darren Dietz Ilya Lyubushkin 40 1 2 2
Penalty Kill - 3 Players Forward
Forward Time % Phy DF OF
1 Anton Lander 60 1 2 2
2 Maxime Macenauer 40 1 2 2
Penalty Kill - 3 Players Defense
Defense Defense Time % Phy DF OF
1 Ben Hutton Brandon Carlo 60 1 2 2
2 Darren Dietz Ilya Lyubushkin 40 1 2 2
4 vs 4 Forward
Center Wing Time % Phy DF OF
1 Anton Lander Maxime Macenauer 60 1 2 2
2 Logan Shaw Sven Baertschi 40 1 2 2
4 vs 4 Defense
Defense Defense Time % Phy DF OF
1 Ben Hutton Brandon Carlo 60 1 2 2
2 Darren Dietz Ilya Lyubushkin 40 1 2 2
Last Minutes Offensive
Center Left Wing Right Wing Defense Defense
Anton Lander Sven Baertschi Logan Shaw Ben Hutton Brandon Carlo
Last Minutes Defensive
Center Left Wing Right Wing Defense Defense
Anton Lander Sven Baertschi Logan Shaw Ben Hutton Brandon Carlo
Goaltenders
Starting : Calvin Pickard
Backup : Juuse Saros
Extra Forwards
Normal : Cristiano Digiacinto, Robby Fabbri, Valeri Nichushkin - PP : Cristiano Digiacinto, Robby Fabbri - PK : Valeri Nichushkin
Extra Defensemen
Normal : Robbie Russo, Christian Wolanin, Darren Dietz - PP : Robbie Russo - PK : Christian Wolanin, Darren Dietz
Penalty Shots
Anton Lander, Maxime Macenauer, Logan Shaw, Sven Baertschi, Sam Bennett
Scratches
Dalton Thrower (Strained Left Elbow Injury)
% Time on Ice - Demolitions
Lines # - Real PCT - Wanted PCT - Time Play
Normal Forward
1 - 35% - 40% - 17:03
2 - 28% - 30% - 13:46
3 - 18% - 20% - 8:55
4 - 19% - 10% - 9:29
Normal Defense
1 - 37% - 40% - 18:07
2 - 30% - 30% - 14:50
3 - 25% - 20% - 12:04
4 - 9% - 10% - 4:12
PP Forward
1 - 44% - 60% - 3:14
2 - 56% - 40% - 4:10
PP Defense
1 - 60% - 60% - 4:28
2 - 40% - 40% - 2:56
PK Forward
1 - 82% - 60% - 1:46
2 - 18% - 40% - 0:23
PK Defense
1 - 78% - 60% - 1:40
2 - 22% - 40% - 0:29
PK3 Forward
1 - 0% - 60%
2 - 0% - 40%
PK3 Defense
1 - 0% - 60%
2 - 0% - 40%
44 Forward
1 - 0% - 60%
2 - 0% - 40%
44 Defense
1 - 0% - 60%
2 - 0% - 40%
Last Minute Offensive - 1:14
Last Minute Defensive - 0:00
Total
Forward - 60:00
Defense - 60:00
|
% Time on Ice - Mulligans
Lines # - Real PCT - Wanted PCT - Time Play
Normal Forward
1 - 33% - 40% - 16:13
2 - 27% - 30% - 13:13
3 - 23% - 20% - 11:28
4 - 17% - 10% - 8:22
Normal Defense
1 - 37% - 40% - 18:10
2 - 36% - 30% - 17:36
3 - 22% - 20% - 11:04
4 - 5% - 10% - 2:26
PP Forward
1 - 58% - 60% - 1:15
2 - 42% - 40% - 0:54
PP Defense
1 - 67% - 60% - 1:27
2 - 33% - 40% - 0:42
PK Forward
1 - 77% - 60% - 5:40
2 - 23% - 40% - 1:44
PK Defense
1 - 64% - 60% - 4:45
2 - 36% - 40% - 2:39
PK3 Forward
1 - 0% - 60%
2 - 0% - 40%
PK3 Defense
1 - 0% - 60%
2 - 0% - 40%
44 Forward
1 - 0% - 60%
2 - 0% - 40%
44 Defense
1 - 0% - 60%
2 - 0% - 40%
Last Minute Offensive - 0:00
Last Minute Defensive - 1:11
Total
Forward - 60:00
Defense - 60:00
|
Play-by-Play
1st period
0:01 of 1st period - Anton Lander wins face-off versus Phil McRae in neutral zone.
0:29 of 1st period - Wrist shot by Taylor Beck.
0:29 of 1st period - Shot Misses the Net.
0:47 of 1st period - Snap shot by Denis Gurianov.
0:47 of 1st period - Goal by Denis Gurianov - Demolitions : 1 - Mulligans : 0.
0:48 of 1st period - Joel Vermin wins face-off versus Jonny Brodzinski in neutral zone.
1:56 of 1st period - Snap shot by Colton Gillies.
1:56 of 1st period - Stopped by Calvin Pickard with a rebound.
2:08 of 1st period - Wrist shot by Reid Boucher.
2:08 of 1st period - Shot Blocked by Colton Gillies.
2:23 of 1st period - Snap shot by Sven Baertschi.
2:23 of 1st period - Shot Misses the Net.
2:25 of 1st period - Backhand shot by Ben Hutton.
2:25 of 1st period - Shot Blocked by Brandon Saad.
2:37 of 1st period - Wrist shot by Taylor Beck.
2:37 of 1st period - Shot Blocked by Brandon Carlo.
2:57 of 1st period - Sam Bennett is hit by Aaron Haydon and loses puck.
3:06 of 1st period - Snap shot by Joshua Leivo.
3:06 of 1st period - Stopped by Calvin Pickard without a rebound.
3:07 of 1st period - Anton Lander wins face-off versus Phil McRae in Mulligans zone.
3:07 of 1st period - Anton Lander is hit by Dennis Everberg.
3:13 of 1st period - Dennis Everberg is hit by Brandon Carlo and loses puck.
3:22 of 1st period - Snap shot by Dennis Everberg.
3:22 of 1st period - Stopped by Calvin Pickard with a rebound.
3:32 of 1st period - Michael Prapavessis is hit by Reid Boucher and loses puck.
3:38 of 1st period - Off-side.
3:39 of 1st period - Phil McRae wins face-off versus Robby Fabbri in neutral zone.
3:42 of 1st period - Wrist shot by Brandon Saad.
3:42 of 1st period - Stopped by Calvin Pickard with a rebound.
3:52 of 1st period - Slapshot by Reid Boucher.
3:52 of 1st period - Stopped by Thatcher Demko with a rebound.
3:54 of 1st period - Wrist shot by Robbie Russo.
3:54 of 1st period - Shot Misses the Net.
3:56 of 1st period - Wrist shot by Valeri Nichushkin.
3:56 of 1st period - Stopped by Thatcher Demko without a rebound.
3:57 of 1st period - Anton Lander wins face-off versus Denis Gurianov in Demolitions zone.
3:58 of 1st period - Slapshot by Logan Shaw.
3:58 of 1st period - Shot Misses the Net.
4:00 of 1st period - Snap shot by Logan Shaw.
4:00 of 1st period - Shot Blocked by Andrej Nestrasil.
4:32 of 1st period - Slapshot by Reid Boucher.
4:32 of 1st period - Goal by Reid Boucher - Demolitions : 1 - Mulligans : 1.
4:33 of 1st period - Phil McRae wins face-off versus Maxime Macenauer in neutral zone.
4:45 of 1st period - Penalty Shot by Brandon Carlo for Mulligans.
4:45 of 1st period - Deke by Brandon Carlo.
4:45 of 1st period - Stopped by Thatcher Demko.
4:46 of 1st period - Anton Lander wins face-off versus Christoph Bertschy in Mulligans zone.
5:00 of 1st period - Wrist shot by Sven Baertschi.
5:00 of 1st period - Stopped by Thatcher Demko without a rebound.
5:01 of 1st period - Phil McRae wins face-off versus Sam Bennett in Demolitions zone.
5:06 of 1st period - Dennis Everberg is hit by Sam Bennett and loses puck.
5:27 of 1st period - Darren Dietz is hit by Taylor Beck and loses puck.
6:13 of 1st period - Slapshot by Brandon Saad.
6:13 of 1st period - Stopped by Calvin Pickard without a rebound.
6:14 of 1st period - Robby Fabbri wins face-off versus Phil McRae in Mulligans zone.
6:14 of 1st period - Robby Fabbri is hit by Phil McRae.
6:30 of 1st period - Wrist shot by Brandon Saad.
6:30 of 1st period - Shot Blocked by Brandon Carlo.
6:32 of 1st period - Wrist shot by Phil McRae.
6:32 of 1st period - Deflect By Dennis Everberg.
6:32 of 1st period - Goal by Dennis Everberg - Demolitions : 2 - Mulligans : 1.
6:33 of 1st period - J.T. Brown wins face-off versus Maxime Macenauer in neutral zone.
6:44 of 1st period - Wrist shot by J.T. Brown.
6:44 of 1st period - Shot Blocked by Robbie Russo.
6:58 of 1st period - Backhand shot by Ben Hutton.
6:58 of 1st period - Shot Misses the Net.
7:00 of 1st period - Snap shot by Brett Seney.
7:00 of 1st period - Shot Misses the Net.
7:02 of 1st period - Wrist shot by Ben Hutton.
7:02 of 1st period - Deflect By J.T. Brown.
7:02 of 1st period - Stopped by Thatcher Demko without a rebound.
7:03 of 1st period - Phil McRae wins face-off versus Jonny Brodzinski in Demolitions zone.
7:03 of 1st period - Phil McRae is hit by Brandon Carlo.
7:35 of 1st period - Snap shot by Anton Lander.
7:35 of 1st period - Shot Misses the Net.
7:37 of 1st period - Slapshot by Brandon Carlo.
7:37 of 1st period - Stopped by Thatcher Demko with a rebound.
7:39 of 1st period - Slapshot by Ben Hutton.
7:39 of 1st period - Shot Blocked by Joshua Leivo.
8:20 of 1st period - Wrist shot by Valeri Nichushkin.
8:20 of 1st period - Shot Misses the Net.
8:34 of 1st period - Anton Lander is hit by Dennis Everberg and loses puck.
8:47 of 1st period - Snap shot by Denis Gurianov.
8:47 of 1st period - Shot Misses the Net.
8:55 of 1st period - Snap shot by Denis Gurianov.
8:55 of 1st period - Shot Misses the Net.
8:57 of 1st period - Snap shot by Joshua Leivo.
8:57 of 1st period - Stopped by Calvin Pickard with a rebound.
9:13 of 1st period - Snap shot by Sam Bennett.
9:13 of 1st period - Stopped by Thatcher Demko with a rebound.
9:37 of 1st period - Snap shot by Brandon Saad.
9:37 of 1st period - Shot Misses the Net.
9:39 of 1st period - Slapshot by Tommy Vannelli.
9:39 of 1st period - Stopped by Calvin Pickard with a rebound.
9:41 of 1st period - Wrist shot by Phil McRae.
9:41 of 1st period - Stopped by Calvin Pickard with a rebound.
9:51 of 1st period - Juuso Riikola is hit by Logan Shaw and loses puck.
9:58 of 1st period - Ben Hutton is hit by Jeremy Roy and loses puck.
10:12 of 1st period - Robbie Russo is hit by Joshua Leivo and loses puck.
10:43 of 1st period - Conor Garland is hit by J.T. Brown.
10:44 of 1st period - Icing by Conor Garland.
10:45 of 1st period - Jonny Brodzinski wins face-off versus Brandon Saad in Mulligans zone.
11:11 of 1st period - Snap shot by Brett Seney.
11:11 of 1st period - Shot Blocked by Phil McRae.
11:13 of 1st period - Slapshot by Ben Hutton.
11:13 of 1st period - Shot Blocked by Phil McRae.
11:15 of 1st period - Slapshot by Ilya Lyubushkin.
11:15 of 1st period - Shot Misses the Net.
11:23 of 1st period - Wrist shot by Jonny Brodzinski.
11:23 of 1st period - Deflect By Brett Seney.
11:23 of 1st period - Shot Misses the Net.
11:23 of 1st period - Puck is out of play.
11:24 of 1st period - Christoph Bertschy wins face-off versus Anton Lander in Demolitions zone.
11:24 of 1st period - Christoph Bertschy is hit by Anton Lander.
11:52 of 1st period - Wrist shot by Maxime Macenauer.
11:52 of 1st period - Shot Misses the Net.
12:38 of 1st period - Wrist shot by Anton Lander.
12:38 of 1st period - Stopped by Thatcher Demko with a rebound.
13:33 of 1st period - Slapshot by Valeri Nichushkin.
13:33 of 1st period - Shot Blocked by Juuso Riikola.
13:35 of 1st period - Slapshot by Ben Hutton.
13:35 of 1st period - Deflect By Valeri Nichushkin.
13:35 of 1st period - Shot Misses the Net.
13:35 of 1st period - Puck is out of play.
13:36 of 1st period - Robby Fabbri wins face-off versus Phil McRae in Demolitions zone.
13:45 of 1st period - Wrist shot by Valeri Nichushkin.
13:45 of 1st period - Stopped by Thatcher Demko without a rebound.
13:46 of 1st period - Phil McRae wins face-off versus Anton Lander in Demolitions zone.
13:55 of 1st period - Snap shot by Dennis Everberg.
13:55 of 1st period - Shot Blocked by Brandon Carlo.
14:11 of 1st period - Brandon Saad is hit by Valeri Nichushkin and loses puck.
14:26 of 1st period - Dennis Everberg is hit by Robby Fabbri and loses puck.
14:56 of 1st period - Off-side.
14:57 of 1st period - Anton Lander wins face-off versus Andrej Nestrasil in neutral zone.
15:10 of 1st period - Wrist shot by Sven Baertschi.
15:10 of 1st period - Stopped by Thatcher Demko without a rebound.
15:11 of 1st period - Christoph Bertschy wins face-off versus Anton Lander in Demolitions zone.
16:36 of 1st period - Wrist shot by Denis Gurianov.
16:36 of 1st period - Stopped by Calvin Pickard with a rebound.
16:48 of 1st period - Minor Penalty to Conor Garland for Holding.
16:49 of 1st period - Anton Lander wins face-off versus Phil McRae in Mulligans zone.
17:24 of 1st period - Slapshot by Taylor Beck.
17:24 of 1st period - Stopped by Calvin Pickard with a rebound.
18:32 of 1st period - Denis Gurianov is hit by Ben Hutton and loses puck.
18:48 of 1st period - Penalty to Conor Garland is over, Conor Garland is back on ice.
19:17 of 1st period - Colton Gillies is hit by Sam Bennett and loses puck.
19:21 of 1st period - Icing by Michael Prapavessis.
19:22 of 1st period - Colton Gillies wins face-off versus Sam Bennett in Demolitions zone.
Goals for this period are 2 for Demolitions vs 1 for Mulligans.
Shots for this period are 12 for Demolitions vs 10 for Mulligans.
2nd period
0:01 of 2nd period - Phil McRae wins face-off versus Anton Lander in neutral zone.
0:10 of 2nd period - Wrist shot by Brandon Saad.
0:10 of 2nd period - Stopped by Calvin Pickard with a rebound.
1:31 of 2nd period - Dennis Everberg is hit by Christian Wolanin and loses puck.
1:38 of 2nd period - Snap shot by Anton Lander.
1:38 of 2nd period - Shot Misses the Net.
2:11 of 2nd period - Michael Prapavessis is hit by Maxime Macenauer and loses puck.
2:38 of 2nd period - Off-side.
2:39 of 2nd period - Phil McRae wins face-off versus Jonny Brodzinski in neutral zone.
3:31 of 2nd period - Wrist shot by Anton Lander.
3:31 of 2nd period - Stopped by Thatcher Demko with a rebound.
3:37 of 2nd period - Snap shot by Logan Shaw.
3:37 of 2nd period - Stopped by Thatcher Demko without a rebound.
3:38 of 2nd period - Sam Bennett wins face-off versus Phil McRae in Demolitions zone.
4:26 of 2nd period - Snap shot by Conor Garland.
4:26 of 2nd period - Stopped by Thatcher Demko with a rebound.
4:28 of 2nd period - Slapshot by Conor Garland.
4:28 of 2nd period - Stopped by Thatcher Demko with a rebound.
4:30 of 2nd period - Snap shot by Jonny Brodzinski.
4:30 of 2nd period - Stopped by Thatcher Demko with a rebound.
4:46 of 2nd period - Slapshot by Colton Gillies.
4:46 of 2nd period - Stopped by Calvin Pickard with a rebound.
4:48 of 2nd period - Slapshot by Colton Gillies.
4:48 of 2nd period - Shot Misses the Net.
4:50 of 2nd period - Slapshot by Taylor Aronson.
4:50 of 2nd period - Shot Blocked by Logan Shaw.
5:44 of 2nd period - Backhand shot by Christoph Bertschy.
5:44 of 2nd period - Stopped by Calvin Pickard without a rebound.
5:45 of 2nd period - Anton Lander wins face-off versus Dennis Everberg in Mulligans zone.
5:50 of 2nd period - Snap shot by Anton Lander.
5:50 of 2nd period - Stopped by Thatcher Demko with a rebound.
5:52 of 2nd period - Slapshot by Ilya Lyubushkin.
5:52 of 2nd period - Stopped by Thatcher Demko with a rebound.
5:54 of 2nd period - Slapshot by Ilya Lyubushkin.
5:54 of 2nd period - Deflect By Sven Baertschi.
5:54 of 2nd period - Shot Misses the Net.
5:54 of 2nd period - Puck is out of play.
5:55 of 2nd period - Phil McRae wins face-off versus Sven Baertschi in Demolitions zone.
5:55 of 2nd period - Phil McRae is hit by Darren Dietz.
6:03 of 2nd period - Wrist shot by Dennis Everberg.
6:03 of 2nd period - Stopped by Calvin Pickard with a rebound.
6:21 of 2nd period - Snap shot by Logan Shaw.
6:21 of 2nd period - Stopped by Thatcher Demko with a rebound.
6:23 of 2nd period - Wrist shot by Sven Baertschi.
6:23 of 2nd period - Deflect By Brandon Saad.
6:23 of 2nd period - Stopped by Thatcher Demko with a rebound.
6:25 of 2nd period - Snap shot by Ilya Lyubushkin.
6:25 of 2nd period - Shot Blocked by Michael Prapavessis.
6:27 of 2nd period - Snap shot by Logan Shaw.
6:27 of 2nd period - Deflect By Anton Lander.
6:27 of 2nd period - Stopped by Thatcher Demko with a rebound.
6:31 of 2nd period - Snap shot by Logan Shaw.
6:31 of 2nd period - Stopped by Thatcher Demko with a rebound.
6:33 of 2nd period - Wrist shot by Logan Shaw.
6:33 of 2nd period - Stopped by Thatcher Demko with a rebound.
6:35 of 2nd period - Snap shot by Ilya Lyubushkin.
6:35 of 2nd period - Stopped by Thatcher Demko with a rebound.
6:45 of 2nd period - Snap shot by Anton Lander.
6:45 of 2nd period - Stopped by Thatcher Demko without a rebound.
6:46 of 2nd period - Maxime Macenauer wins face-off versus Christoph Bertschy in Demolitions zone.
7:13 of 2nd period - Brandon Carlo is hit by Andrej Nestrasil and loses puck.
7:34 of 2nd period - Slapshot by Taylor Aronson.
7:34 of 2nd period - Deflect By Michael Ferland.
7:34 of 2nd period - Stopped by Calvin Pickard without a rebound.
7:35 of 2nd period - Colton Gillies wins face-off versus Maxime Macenauer in Mulligans zone.
7:36 of 2nd period - Snap shot by Michael Ferland.
7:36 of 2nd period - Stopped by Calvin Pickard with a rebound.
7:38 of 2nd period - Snap shot by Joel Vermin.
7:38 of 2nd period - Shot Misses the Net.
7:40 of 2nd period - Slapshot by Taylor Aronson.
7:40 of 2nd period - Stopped by Calvin Pickard with a rebound.
7:48 of 2nd period - Slapshot by Darren Dietz.
7:48 of 2nd period - Stopped by Thatcher Demko without a rebound.
7:49 of 2nd period - Phil McRae wins face-off versus Anton Lander in Demolitions zone.
7:49 of 2nd period - Phil McRae is hit by Logan Shaw.
8:00 of 2nd period - Minor Penalty to Sven Baertschi for Roughing.
8:01 of 2nd period - Phil McRae wins face-off versus Anton Lander in Mulligans zone.
9:18 of 2nd period - Taylor Beck is hit by Valeri Nichushkin and loses puck.
10:00 of 2nd period - Penalty to Sven Baertschi is over, Sven Baertschi is back on ice.
10:03 of 2nd period - Wrist shot by Colton Gillies.
10:03 of 2nd period - Shot Hit the Post.
10:05 of 2nd period - Slapshot by Michael Prapavessis.
10:05 of 2nd period - Deflect By Michael Ferland.
10:05 of 2nd period - Stopped by Calvin Pickard without a rebound.
10:06 of 2nd period - Colton Gillies wins face-off versus Jonny Brodzinski in Mulligans zone.
10:15 of 2nd period - Brett Seney is hit by Michael Ferland and loses puck.
11:15 of 2nd period - Wrist shot by Valeri Nichushkin.
11:15 of 2nd period - Deflect By Robby Fabbri.
11:15 of 2nd period - Stopped by Thatcher Demko with a rebound.
11:29 of 2nd period - Wrist shot by Colton Gillies.
11:29 of 2nd period - Deflect By Michael Ferland.
11:29 of 2nd period - Stopped by Calvin Pickard without a rebound.
11:30 of 2nd period - Colton Gillies wins face-off versus Sven Baertschi in Mulligans zone.
11:37 of 2nd period - Slapshot by Ben Hutton.
11:37 of 2nd period - Deflect By Sven Baertschi.
11:37 of 2nd period - Stopped by Thatcher Demko without a rebound.
11:38 of 2nd period - Anton Lander wins face-off versus Phil McRae in Demolitions zone.
12:20 of 2nd period - Icing by Sam Bennett.
12:21 of 2nd period - Robby Fabbri wins face-off versus Andrej Nestrasil in Mulligans zone.
13:32 of 2nd period - Snap shot by Michael Ferland.
13:32 of 2nd period - Stopped by Calvin Pickard without a rebound.
13:33 of 2nd period - Colton Gillies wins face-off versus Jonny Brodzinski in Mulligans zone.
13:36 of 2nd period - Snap shot by Michael Ferland.
13:36 of 2nd period - Shot Misses the Net.
13:42 of 2nd period - Slapshot by Christian Wolanin.
13:42 of 2nd period - Stopped by Thatcher Demko with a rebound.
13:58 of 2nd period - Joel Vermin is hit by Maxime Macenauer and loses puck.
14:09 of 2nd period - Snap shot by Sam Bennett.
14:09 of 2nd period - Shot Blocked by Joel Vermin.
14:11 of 2nd period - Snap shot by Darren Dietz.
14:11 of 2nd period - Shot Misses the Net.
14:21 of 2nd period - Taylor Aronson is hit by Darren Dietz and loses puck.
14:32 of 2nd period - Snap shot by Colton Gillies.
14:32 of 2nd period - Stopped by Calvin Pickard without a rebound.
14:33 of 2nd period - Anton Lander wins face-off versus Phil McRae in Mulligans zone.
14:33 of 2nd period - Anton Lander is hit by Dennis Everberg.
14:43 of 2nd period - Wrist shot by Sven Baertschi.
14:43 of 2nd period - Shot Misses the Net.
15:08 of 2nd period - Wrist shot by Taylor Beck.
15:08 of 2nd period - Shot Misses the Net.
15:56 of 2nd period - Slapshot by Darren Dietz.
15:56 of 2nd period - Stopped by Thatcher Demko with a rebound.
16:23 of 2nd period - Slapshot by Andrej Nestrasil.
16:23 of 2nd period - Stopped by Calvin Pickard with a rebound.
16:33 of 2nd period - Snap shot by Maxime Macenauer.
16:33 of 2nd period - Shot Misses the Net.
16:35 of 2nd period - Wrist shot by Ilya Lyubushkin.
16:35 of 2nd period - Stopped by Thatcher Demko with a rebound.
16:39 of 2nd period - Wrist shot by Robby Fabbri.
16:39 of 2nd period - Stopped by Thatcher Demko with a rebound.
17:01 of 2nd period - Slapshot by Logan Shaw.
17:01 of 2nd period - Deflect By Anton Lander.
17:01 of 2nd period - Shot Misses the Net.
17:01 of 2nd period - Puck is out of play.
17:02 of 2nd period - Christoph Bertschy wins face-off versus Anton Lander in Demolitions zone.
17:11 of 2nd period - Snap shot by Taylor Beck.
17:11 of 2nd period - Deflect By J.T. Brown.
17:11 of 2nd period - Shot Blocked by Ben Hutton.
17:11 of 2nd period - Puck is out of play.
17:12 of 2nd period - Christoph Bertschy wins face-off versus Anton Lander in Mulligans zone.
17:15 of 2nd period - Snap shot by Christoph Bertschy.
17:15 of 2nd period - Stopped by Calvin Pickard without a rebound.
17:16 of 2nd period - Phil McRae wins face-off versus Anton Lander in Mulligans zone.
17:27 of 2nd period - Slapshot by Logan Shaw.
17:27 of 2nd period - Stopped by Thatcher Demko with a rebound.
17:29 of 2nd period - Slapshot by Brandon Carlo.
17:29 of 2nd period - Deflect By Sven Baertschi.
17:29 of 2nd period - Shot Misses the Net.
17:29 of 2nd period - Puck is out of play.
17:30 of 2nd period - Anton Lander wins face-off versus Phil McRae in Demolitions zone.
18:04 of 2nd period - Snap shot by J.T. Brown.
18:04 of 2nd period - Stopped by Calvin Pickard with a rebound.
18:06 of 2nd period - Slapshot by Taylor Aronson.
18:06 of 2nd period - Shot Blocked by Sam Bennett.
18:18 of 2nd period - Slapshot by Joel Vermin.
18:18 of 2nd period - Stopped by Calvin Pickard with a rebound.
18:20 of 2nd period - Slapshot by Michael Prapavessis.
18:20 of 2nd period - Shot Blocked by Joonas Donskoi.
18:38 of 2nd period - Colton Gillies is hit by Maxime Macenauer and loses puck.
18:49 of 2nd period - Snap shot by Joel Vermin.
18:49 of 2nd period - Stopped by Calvin Pickard with a rebound.
18:51 of 2nd period - Snap shot by Michael Ferland.
18:51 of 2nd period - Stopped by Calvin Pickard without a rebound.
18:52 of 2nd period - Phil McRae wins face-off versus Anton Lander in Mulligans zone.
19:05 of 2nd period - Snap shot by Dennis Everberg.
19:05 of 2nd period - Shot Misses the Net.
19:07 of 2nd period - Snap shot by Taylor Aronson.
19:07 of 2nd period - Stopped by Calvin Pickard with a rebound.
19:13 of 2nd period - Minor Penalty to Logan Shaw for Boarding.
19:14 of 2nd period - Anton Lander wins face-off versus Phil McRae in Mulligans zone.
19:25 of 2nd period - Ben Hutton is hit by Brandon Saad.
19:48 of 2nd period - Snap shot by Taylor Aronson.
19:48 of 2nd period - Shot Blocked by Ben Hutton.
Goals for this period are 0 for Demolitions vs 0 for Mulligans.
Shots for this period are 18 for Demolitions vs 22 for Mulligans.
3rd period
0:01 of 3rd period - Anton Lander wins face-off versus Phil McRae in neutral zone.
0:27 of 3rd period - Icing by Taylor Aronson.
0:28 of 3rd period - Anton Lander wins face-off versus Taylor Beck in Demolitions zone.
0:36 of 3rd period - Slapshot by Taylor Aronson.
0:36 of 3rd period - Stopped by Calvin Pickard with a rebound.
0:38 of 3rd period - Wrist shot by Denis Gurianov.
0:38 of 3rd period - Shot Misses the Net.
0:40 of 3rd period - Slapshot by Denis Gurianov.
0:40 of 3rd period - Goal by Denis Gurianov - Demolitions : 3 - Mulligans : 1.
0:41 of 3rd period - Anton Lander wins face-off versus Phil McRae in neutral zone.
0:44 of 3rd period - Aaron Haydon is hit by Ben Hutton and loses puck.
1:50 of 3rd period - Taylor Aronson is hit by Robby Fabbri and loses puck.
2:21 of 3rd period - Snap shot by Anton Lander.
2:21 of 3rd period - Shot Misses the Net.
2:39 of 3rd period - Wrist shot by Taylor Beck.
2:39 of 3rd period - Shot Misses the Net.
2:41 of 3rd period - Slapshot by Taylor Beck.
2:41 of 3rd period - Stopped by Calvin Pickard with a rebound.
2:43 of 3rd period - Slapshot by Taylor Aronson.
2:43 of 3rd period - Shot Misses the Net.
3:01 of 3rd period - Wrist shot by Joel Vermin.
3:01 of 3rd period - Stopped by Calvin Pickard without a rebound.
3:02 of 3rd period - Phil McRae wins face-off versus Anton Lander in Mulligans zone.
3:23 of 3rd period - Minor Penalty to Juuso Riikola for High sticking.
3:24 of 3rd period - Brandon Saad wins face-off versus Anton Lander in Demolitions zone.
3:33 of 3rd period - Slapshot by Logan Shaw.
3:33 of 3rd period - Goal by Logan Shaw - Demolitions : 3 - Mulligans : 2.
3:34 of 3rd period - Anton Lander wins face-off versus Phil McRae in neutral zone.
4:41 of 3rd period - Snap shot by Brett Seney.
4:41 of 3rd period - Shot Blocked by Colton Gillies.
4:43 of 3rd period - Wrist shot by Jonny Brodzinski.
4:43 of 3rd period - Shot Blocked by Michael Ferland.
4:45 of 3rd period - Slapshot by Jonny Brodzinski.
4:45 of 3rd period - Goal by Jonny Brodzinski - Demolitions : 3 - Mulligans : 3.
4:46 of 3rd period - Anton Lander wins face-off versus Brandon Saad in neutral zone.
4:54 of 3rd period - Minor Penalty to Aaron Haydon for Tripping.
4:55 of 3rd period - Brandon Saad wins face-off versus Anton Lander in Demolitions zone.
4:59 of 3rd period - Snap shot by Taylor Beck.
4:59 of 3rd period - Shot Misses the Net.
6:54 of 3rd period - Penalty to Aaron Haydon is over, Aaron Haydon is back on ice.
7:26 of 3rd period - Icing by Juuso Riikola.
7:27 of 3rd period - Andrej Nestrasil wins face-off versus Jonny Brodzinski in Demolitions zone.
7:40 of 3rd period - Slapshot by Brett Seney.
7:40 of 3rd period - Stopped by Thatcher Demko without a rebound.
7:41 of 3rd period - Phil McRae wins face-off versus Anton Lander in Demolitions zone.
8:06 of 3rd period - Taylor Beck is hit by Sam Bennett and loses puck.
8:15 of 3rd period - Snap shot by Sam Bennett.
8:15 of 3rd period - Shot Blocked by Taylor Aronson.
8:45 of 3rd period - Christoph Bertschy is hit by Jonny Brodzinski.
9:01 of 3rd period - Slapshot by Dennis Everberg.
9:01 of 3rd period - Stopped by Calvin Pickard without a rebound.
9:02 of 3rd period - Anton Lander wins face-off versus Dennis Everberg in Mulligans zone.
9:02 of 3rd period - Anton Lander is hit by Michael Prapavessis.
9:08 of 3rd period - Slapshot by Anton Lander.
9:08 of 3rd period - Stopped by Thatcher Demko with a rebound.
9:30 of 3rd period - Michael Prapavessis is hit by Sam Bennett.
9:37 of 3rd period - Wrist shot by Joonas Donskoi.
9:37 of 3rd period - Shot Misses the Net.
9:51 of 3rd period - Snap shot by Joel Vermin.
9:51 of 3rd period - Shot Blocked by Valeri Nichushkin.
10:37 of 3rd period - Slapshot by Robby Fabbri.
10:37 of 3rd period - Goal by Robby Fabbri - Demolitions : 3 - Mulligans : 4.
10:38 of 3rd period - Anton Lander wins face-off versus Phil McRae in neutral zone.
10:41 of 3rd period - Aaron Haydon is hit by Sven Baertschi and loses puck.
10:50 of 3rd period - Snap shot by Logan Shaw.
10:50 of 3rd period - Shot Blocked by Aaron Haydon.
11:18 of 3rd period - Ilya Lyubushkin is hit by Jeremy Roy and loses puck.
11:31 of 3rd period - Slapshot by Ben Hutton.
11:31 of 3rd period - Stopped by Thatcher Demko without a rebound.
11:32 of 3rd period - Andrej Nestrasil wins face-off versus Conor Garland in Demolitions zone.
11:37 of 3rd period - Wrist shot by Joshua Leivo.
11:37 of 3rd period - Stopped by Calvin Pickard with a rebound.
11:48 of 3rd period - Icing by Brett Seney.
11:49 of 3rd period - Phil McRae wins face-off versus Jonny Brodzinski in Mulligans zone.
11:56 of 3rd period - Slapshot by Phil McRae.
11:56 of 3rd period - Shot Misses the Net.
11:58 of 3rd period - Snap shot by Dennis Everberg.
11:58 of 3rd period - Deflect By Ben Hutton.
11:58 of 3rd period - Stopped by Calvin Pickard without a rebound.
11:59 of 3rd period - Phil McRae wins face-off versus Anton Lander in Mulligans zone.
12:00 of 3rd period - Wrist shot by Dennis Everberg.
12:00 of 3rd period - Stopped by Calvin Pickard with a rebound.
12:02 of 3rd period - Wrist shot by Phil McRae.
12:02 of 3rd period - Stopped by Calvin Pickard without a rebound.
12:03 of 3rd period - Phil McRae wins face-off versus Anton Lander in Mulligans zone.
12:56 of 3rd period - Wrist shot by Andrej Nestrasil.
12:56 of 3rd period - Stopped by Calvin Pickard without a rebound.
12:57 of 3rd period - Anton Lander wins face-off versus Phil McRae in Mulligans zone.
13:02 of 3rd period - Slapshot by Brandon Saad.
13:02 of 3rd period - Stopped by Calvin Pickard without a rebound.
13:03 of 3rd period - Phil McRae wins face-off versus Anton Lander in Mulligans zone.
13:16 of 3rd period - Slapshot by Ilya Lyubushkin.
13:16 of 3rd period - Shot Misses the Net.
13:34 of 3rd period - Ilya Lyubushkin is hit by Taylor Aronson and loses puck.
13:43 of 3rd period - Wrist shot by Dennis Everberg.
13:43 of 3rd period - Stopped by Calvin Pickard with a rebound.
13:45 of 3rd period - Slapshot by Taylor Aronson.
13:45 of 3rd period - Stopped by Calvin Pickard with a rebound.
14:15 of 3rd period - Snap shot by Brandon Saad.
14:15 of 3rd period - Shot Misses the Net.
14:19 of 3rd period - Slapshot by Phil McRae.
14:19 of 3rd period - Shot Misses the Net.
14:21 of 3rd period - Slapshot by Brandon Saad.
14:21 of 3rd period - Stopped by Calvin Pickard without a rebound.
14:22 of 3rd period - Anton Lander wins face-off versus Christoph Bertschy in Mulligans zone.
14:36 of 3rd period - Minor Penalty to Sven Baertschi for Tripping.
14:37 of 3rd period - Anton Lander wins face-off versus Andrej Nestrasil in Mulligans zone.
14:47 of 3rd period - Anton Lander is hit by Andrej Nestrasil and loses puck.
15:38 of 3rd period - Valeri Nichushkin is hit by Andrej Nestrasil and loses puck.
16:29 of 3rd period - Maxime Macenauer is hit by Andrej Nestrasil and loses puck.
16:36 of 3rd period - Penalty to Sven Baertschi is over, Sven Baertschi is back on ice.
16:50 of 3rd period - Brandon Carlo is hit by Andrej Nestrasil and loses puck.
17:09 of 3rd period - Snap shot by Andrej Nestrasil.
17:09 of 3rd period - Stopped by Calvin Pickard with a rebound.
17:11 of 3rd period - Slapshot by Aaron Haydon.
17:11 of 3rd period - Stopped by Calvin Pickard with a rebound.
17:13 of 3rd period - Snap shot by Taylor Beck.
17:13 of 3rd period - Deflect By Ben Hutton.
17:13 of 3rd period - Shot Misses the Net.
17:13 of 3rd period - Puck is out of play.
17:14 of 3rd period - Robby Fabbri wins face-off versus Phil McRae in Mulligans zone.
19:01 of 3rd period - Off-side.
19:02 of 3rd period - Darryl Sutter call a timeout for Demolitions.
19:02 of 3rd period - Phil McRae wins face-off versus Anton Lander in neutral zone.
19:10 of 3rd period - Demolitions, Thatcher Demko is pulled from the net.
19:16 of 3rd period - Snap shot by Dennis Everberg.
19:16 of 3rd period - Shot Misses the Net.
19:18 of 3rd period - Slapshot by Phil McRae.
19:18 of 3rd period - Shot Misses the Net.
19:20 of 3rd period - Snap shot by Phil McRae.
19:20 of 3rd period - Shot Misses the Net.
19:24 of 3rd period - Wrist shot by Taylor Aronson.
19:24 of 3rd period - Stopped by Calvin Pickard without a rebound.
19:25 of 3rd period - Anton Lander wins face-off versus Phil McRae in Mulligans zone.
19:34 of 3rd period - Wrist shot by Brandon Saad.
19:34 of 3rd period - Shot Blocked by Ben Hutton.
19:36 of 3rd period - Wrist shot by Dennis Everberg.
19:36 of 3rd period - Shot Misses the Net.
19:40 of 3rd period - Wrist shot by Dennis Everberg.
19:40 of 3rd period - Shot Misses the Net.
19:58 of 3rd period - Snap shot by Dennis Everberg.
19:58 of 3rd period - Shot Misses the Net.
Goals for this period are 1 for Demolitions vs 3 for Mulligans.
Shots for this period are 17 for Demolitions vs 6 for Mulligans.
Output by the SimonT Hockey Simulator (STHS) for Francois Prevost